 Dungeon Crawl Stone Soup version 0.29-a0-283-ga02f740833 (webtiles) character file.

Game seed: 17083644484204714231

217 Exponent the Slasher (level 5, -2/47 HPs)
             Began as a Draconian Monk on Mar 13, 2022.
             Slain by Edmund
             ... wielding a +2 dire flail of protection
              (12 damage)
             ... on level 4 of the Dungeon.
             The game lasted 00:03:44 (3518 turns).

Exponent the Slasher (Draconian Monk)               Turns: 3518, Time: 00:03:45

Health: -2/47      AC:  8    Str: 11    XL:     5   Next: 62%
Magic:  4/6        EV: 13    Int: 10    God:
Gold:   123        SH:  0    Dex: 14    Spells: 4/4 levels left

rFire   . . .      SeeInvis .   l - +0 long sword
rCold   . . .      Faith    .   (no shield)
rNeg    . . .      Spirit   .   (body armour unavailable)
rPois   .          Reflect  .   (helmet restricted)
rElec   .          Harm     .   (no cloak)
rCorr   .          Rampage  .   (no gloves)
Will    .....                   k - +2 pair of boots
Stlth   ++........              (no amulet)
HPRegen 0.15/turn               (no ring)
MPRegen 0.10/turn               (no ring)

@: mighty, flying
A: AC +5, unfitting armour, cold-blooded, claws 1, stinger 1, clumsy 1, weak 1
a: no special abilities


You were on level 4 of the Dungeon.
You visited 1 branch of the dungeon, and saw 4 of its levels.

You collected 123 gold pieces.

Inventory:

Hand Weapons
 l - a +0 long sword (weapon)
Missiles
 s - 6 boomerangs (quivered)
Armour
 k - a +2 pair of boots (worn)
 t - a +0 cloak
Jewellery
 j - a ring of protection from fire
Scrolls
 a - 3 scrolls of vulnerability {unknown}
 c - 2 scrolls of amnesia {unknown}
 d - a scroll of magic mapping {unknown}
 f - a scroll of noise {unknown}
 n - a scroll of holy word {unknown}
 p - 3 scrolls of fear {unknown}
Potions
 b - a potion of ambrosia
 e - a potion of degeneration {unknown}
 g - 2 potions of mutation
 i - a potion of curing
 q - a potion of attraction {unknown}
 r - a potion of haste {unknown}


   Skills:
 + Level 4.6 Fighting
 * Level 5.7 Long Blades
 + Level 1.8(2.6) Axes
 + Level 1.8(2.6) Maces & Flails
 + Level 1.8(2.6) Polearms
 + Level 1.8(2.6) Staves
 + Level 1.6 Slings
 + Level 1.6 Bows
 + Level 1.6 Crossbows
 + Level 3.7 Dodging
 - Level 1.7 Stealth
 + Level 1.8 Shields
 + Level 1.8 Conjurations
 + Level 1.6 Hexes
 + Level 1.8 Summonings
 + Level 1.8 Necromancy
 + Level 1.8 Translocations
 + Level 1.8 Transmutations
 + Level 1.8 Fire Magic
 + Level 2.0 Ice Magic
 + Level 1.8 Air Magic
 + Level 1.8 Earth Magic
 + Level 2.0 Poison Magic
 + Level 2.1 Invocations
 + Level 1.8 Evocations


You had 4 spell levels left.
You didn't know any spells.
Your spell library was empty.

Dungeon Overview and Level Annotations

Branches:
Dungeon (4/15)
 Temple: D:4-7

Altars:

Shops:
D:1 ?

Annotations:
D:4 Edmund


Innate Abilities, Weirdness & Mutations

Your plain brown scales are hard. (AC +5)
You cannot fit into any form of body armour.
You are cold-blooded and may be slowed by cold attacks.
You have sharp fingernails.
Your tail ends in a venomous barb.
You are clumsy. (Dex -2)
You are weak. (Str -2)


Message History

You feel sick. The quokka misses you. Edmund misses you.
It was a potion of experience.
You feel more experienced!
Your Fighting skill increases to level 4!
Your Long Blades skill increases to level 5!
Your base Axes skill increases to level 1!
Your base Maces & Flails skill increases to level 1!
Your base Polearms skill increases to level 1!
Your base Staves skill increases to level 1!
Your Slings skill increases to level 1!
Your Bows skill increases to level 1!
Your Crossbows skill increases to level 1!
Your Shields skill increases to level 1!
Your Conjurations skill increases to level 1!
Your Hexes skill increases to level 1!
Your Summonings skill increases to level 1!
Your Necromancy skill increases to level 1!
Your Translocations skill increases to level 1!
Your Transmutations skill increases to level 1!
Your Fire Magic skill increases to level 1!
Your Ice Magic skill gained 2 levels and is now at level 2!
Your Air Magic skill increases to level 1!
Your Earth Magic skill increases to level 1!
Your Poison Magic skill gained 2 levels and is now at level 2!
Your Invocations skill gained 2 levels and is now at level 2!
Your Evocations skill increases to level 1!
You have reached level 5!
You feel sick. The quokka misses you. Edmund barely misses you.
The quokka closely misses you.
It was a potion of flight.
You feel very buoyant.
You fly up into the air.
You feel sick.
You are no longer poisoned.
Edmund hits you with a +2 dire flail of protection!
* * * LOW HITPOINT WARNING * * *
The quokka bites you but does no damage.
It was a potion of might.
You feel very mighty all of a sudden.
The quokka bites you but does no damage.
Edmund hits you with a +2 dire flail of protection!
You die...

....... ...
........ ...
........ #.###...
........ ..#.#...
..?.....
.......##........
#.........#@S.....
#.....:...@#
#....#...r####
#..##.......#..
##...........r...
#.......##...##..
##...............
#...##...........
##....<........K..
#.................


You could see Edmund, a quokka and a ball python.

Vanquished Creatures
  4 adders
  A worm (D:3)
  A dart slug (D:1)
  2 orcs (D:3)
  6 bats
  7 endoplasms
  5 giant cockroaches
  3 hobgoblins
  8 kobolds
  5 quokkas
  7 ball pythons
  3 frilled lizards (D:1)
  8 goblins
  2 rats (D:3)
62 creatures vanquished.

Vanquished Creatures (others)
  8 plants (D:1)
8 creatures vanquished.

Grand Total: 70 creatures vanquished

Notes
Turn   | Place    | Note
-------+----------+-------------------------------------------
     0 | D:1      | Exponent the Draconian Monk began the quest for the Orb.
     0 | D:1      | Reached XP level 1. HP: 19/19 MP: 1/1
   306 | D:1      | Reached XP level 2. HP: 14/26 MP: 2/2
   583 | D:1      | Found Hoiwipant's Magic Scroll Boutique.
  1337 | D:1      | Reached XP level 3. HP: 21/25 MP: 3/3
  2152 | D:2      | Reached skill level 4 in Long Blades
  2540 | D:2      | Identified the +1 robe of Salvation {Harm rF+ Will- Int+2}
  2796 | D:3      | Reached XP level 4. HP: 39/39 MP: 4/4
  3506 | D:4      | Noticed Edmund
  3515 | D:4      | Gained mutation: Your tail ends in a venomous barb. [potion
                  | of mutation]
  3515 | D:4      | Gained mutation: You are weak. (Str -2) [potion of
                  | mutation]
  3515 | D:4      | Gained mutation: You are clumsy. (Dex -2) [potion of
                  | mutation]
  3515 | D:4      | Gained mutation: You have sharp fingernails. [potion of
                  | mutation]
  3516 | D:4      | Reached skill level 5 in Long Blades
  3516 | D:4      | Reached skill level 1 in Axes
  3516 | D:4      | Reached skill level 1 in Maces & Flails
  3516 | D:4      | Reached skill level 1 in Polearms
  3516 | D:4      | Reached skill level 1 in Staves
  3516 | D:4      | Reached skill level 1 in Slings
  3516 | D:4      | Reached skill level 1 in Bows
  3516 | D:4      | Reached skill level 1 in Crossbows
  3516 | D:4      | Reached skill level 1 in Shields
  3516 | D:4      | Reached skill level 1 in Conjurations
  3516 | D:4      | Reached skill level 1 in Hexes
  3516 | D:4      | Reached skill level 1 in Summonings
  3516 | D:4      | Reached skill level 1 in Necromancy
  3516 | D:4      | Reached skill level 1 in Translocations
  3516 | D:4      | Reached skill level 1 in Transmutations
  3516 | D:4      | Reached skill level 1 in Fire Magic
  3516 | D:4      | Reached skill level 1 in Air Magic
  3516 | D:4      | Reached skill level 1 in Earth Magic
  3516 | D:4      | Reached skill level 1 in Evocations
  3516 | D:4      | Reached XP level 5. HP: 22/47 MP: 4/6
  3518 | D:4      | Slain by Edmund

Illustrated notes

Levels and vault maps discovered:
D:1:      saegor_arrival_simple_b, layout_basic, serial_shops,
          nicolae_shop_crystal, roderic_serpentine_path, lexackson_kobold_supper
D:2:      layout_basic, due_unseen_surprise
D:3:      layout_basic, gup_sewer_entry_bubbles, minmay_increasing_density
D:4:      layout_cave_pools, gup_ossuary_entry_pyramid, uniq_edmund

Skill      XL: |  1  2  3  4 |
---------------+-------------+-----
Dodging        | 3 |  3.7
Long Blades    | 4 5 |  5.7
Fighting       | 4 |  4.6
Axes           | 1 |  1.8
Maces & Flails | 1 |  1.8
Polearms       | 1 |  1.8
Staves         | 1 |  1.8
Slings         | 1 |  1.6
Bows           | 1 |  1.6
Crossbows      | 1 |  1.6
Shields        | 1 |  1.8
Conjurations   | 1 |  1.8
Hexes          | 1 |  1.6
Summonings     | 1 |  1.8
Necromancy     | 1 |  1.8
Translocations | 1 |  1.8
Transmutations | 1 |  1.8
Fire Magic     | 1 |  1.8
Ice Magic      | 2 |  2.0
Air Magic      | 1 |  1.8
Earth Magic    | 1 |  1.8
Poison Magic   | 2 |  2.0
Invocations    | 2 |  2.1
Evocations     | 1 |  1.8
Stealth        | |  1.7

Action                   |  1- 3 |  4- 6 || total
-------------------------+-------+-------++-------
Melee: Falchion          |   101 |       ||   101
       Tailslap          |    12 |    13 ||    25
       Punch             |     2 |       ||     2
       Long sword        |    27 |    55 ||    82
  Use: Potion            |     1 |     4 ||     5
 Stab: Sleeping          |     2 |     5 ||     7
Armor: Skin              |    41 |    26 ||    67
Dodge: Dodged            |    93 |    37 ||   130

Table legend: (Time is in decaauts)
 A = Elapsed time spent in this place.
 B = Non-inter-level travel time spent in this place.
 C = Inter-level travel time spent in this place.
 D = Time resting spent in this place.
 E = Time spent auto-exploring this place.
 F = Levels seen in this place.
 G = Mean time per level.
                   A        B        C        D        E       F      G
               +--------+--------+--------+--------+--------+-----+--------+
         Total |   3574 |   3436 |    138 |    257 |   2665 |   4 |  893.5 |
       Dungeon |   3574 |   3436 |    138 |    257 |   2665 |   4 |  893.5 |
               +--------+--------+--------+--------+--------+-----+--------+

Top non-repeatable levels by time:
     D:1: 1920 daAuts
     D:3: 882 daAuts
     D:2: 751 daAuts
     D:4: 19 daAuts
